 Dungeon Sprint DCSS version 0.30.1-4-g462c640d31 (webtiles) character file.

Game seed: 18384551220649037179

9121 Heoruswealwe the Evocator (level 11, -6/48 HPs)
             Began as a Spriggan Artificer on Aug 28, 2023.
             Was a High Priest of Sif Muna.
             Mangled by a demonic crawler (19 damage)
             ... in the Dungeon (Sprint I: "Red Sonja").
             The game lasted 00:22:49 (1712 turns).

Heoruswealwe the Evocator (Spriggan Artificer)      Turns: 1712, Time: 00:22:51

Health: -6/48      AC:  2    Str:  8    XL:     11   Next: 18%
Magic:  12/12      EV: 29    Int: 17    God:    Sif Muna [*****.]
Gold:   514        SH:  0    Dex: 16    Spells: 10/10 levels left

rFire   . . .        q - +3 scimitar (freeze)
rCold   . . .        (no shield)
rNeg    . . .        c - +0 robe
rPois   .            (helmet restricted)
rElec   .            (no cloak)
rCorr   .            (gloves unavailable)
SInv    +            (boots unavailable)
Will    +....        (no amulet)
Stlth   ++++++++     (no ring)
HPRegen 0.28/turn    (no ring)
MPRegen 0.13/turn

%: no teleportation
@: very quick
A: very small, no large weapons, unfitting armour, see invisible, speed 3
a: Renounce Religion, Channel Magic, Forget Spell, Divine Exegesis


You were in the Dungeon.
You worshipped Sif Muna.
Sif Muna was extremely pleased with you.
You visited 1 branch You collected 1868 gold pieces.
You spent 1324 gold pieces at shops.
You donated 30 gold pieces to Zin.

Inventory:

Hand Weapons
 q - a +3 scimitar of freezing (weapon)
Armour
 c - a +0 robe (worn)
Scrolls
 m - 2 scrolls of identify
 p - a scroll of fear
 r - a scroll of amnesia
 s - a scroll of summoning
 t - a scroll of silence
Potions
 f - 6 potions of curing
 g - 2 potions of heal wounds
 h - a potion of haste
 i - 3 potions of magic
 j - a potion of berserk rage
 n - a potion of resistance
Miscellaneous
 u - a box of beasts


   Skills:
 - Level 0.7 Fighting
 + Level 18.0 Dodging
 + Level 20.8 Stealth
 * Level 24.4 Evocations


You had 10 spell levels left.
You didn't know any spells.
Your spell library contained the following spells:

 Spells                   Type           Power      Damage    Failure   Level
 Poisonous Vapours        Pois/Air       0%         N/A       34%         2
 Static Discharge         Conj/Air       0%         2-2/arc   34%         2
 Freezing Cloud           Conj/Ice/Air   0%         6-21      100%        5
 Summon Mana Viper        Hex/Summ       0%         N/A       100%        5
 Plasma Beam              Fire/Air       0%         2x1d11    100%        6


Dungeon Overview and Level Annotations

Branches:
Dungeon (1/1)

Altars:
Cheibriados
Dithmenos
Elyvilon
Fedhas
Gozag
Hepliaklqana
Kikubaaqudgha
Makhleb
Nemelex Xobeh
Okawaru
Qazlal
Ru
Sif Muna
Trog
Uskayaw
Vehumet
Wu Jian
Xom
Yredelemnul
Zin
The Shining One
Jiyva
Lugonu

Shops:
D [(*(:!**??![=[?[:[*[?


Innate Abilities, Weirdness & Mutations

You are very small and have problems with some larger weapons.
You are too small for most types of armour.
You have supernaturally acute eyesight. (SInv)
You cover ground extremely quickly. (Speed+++)


Message History

There is an open door here.
There is an open door here.
There is an ornate altar of the Wu Jian Council here.
There is an open door here.
There is an open door here.
There is an entrance to Vosocumy's Weapon Emporium here.
There is an open door here.
There is an open door here.
Things that are here:
a +2 short sword of distortion; 2 curare-tipped darts
There is an open door here.
There is an open door here.
There is an open door here.
There is an open door here.
There is an open door here.
There is an open door here.
You see here a +0 leather armour.
There is an open door here.
There is an open door here.
There is a huge open gate here.
Aiming: Iceblast
Press: ? - help, Shift-Dir - straight line, f/p - demonic crawler
Aim: a demonic crawler (wandering, hasn't noticed you)
The mass of ice explodes!
The iceblast engulfs the demonic crawler!!
The demonic crawler is heavily wounded.
The demonic crawler gives a hideous shriek!
The now-empty wand crumbles to dust.
You hit the demonic crawler but do no damage.
The demonic crawler is heavily wounded.
The demonic crawler barely misses you. x2
The demonic crawler completely misses you.
The demonic crawler closely misses you.
The demonic crawler barely misses you. x2
You slash the demonic crawler! You freeze the demonic crawler.
The demonic crawler is moderately wounded.
The demonic crawler misses you. The demonic crawler hits you!
The demonic crawler hits you!!
* * * LOW HITPOINT WARNING * * *
The demonic crawler misses you. The demonic crawler hits you!!
You die...

#..####..#...#.####.§##
#..#__####..##.#§§)..#.
#..#_____##'#_.+§§§.§+.
#⌠⌠#_.∩...'..._#§§§§§#.
####_..__##_.#'##+#####
*,,#_____###'#.#|..[###
############.####'###(#
#∩........'.).'.....')∩
###'''@####...#########
#.....s.####.###.......
#........#.#'#.#.......
#..#.....#.....#.†.####
#........#..[..#..†....
#.....#..#######.......
#........##.)}?!††....~
#..#.....##..[.!.)...~~
#........###.......~~~#


You could see a demonic crawler.

Vanquished Creatures
  2 centaur warriors (D)
  Sonja (D)
  A deep troll (D)
  An oklob plant (D)
  8 shining eyes (D)
  An unseen horror (D)
  A hornet (D)
  Sigmund (D)
  A yak (D)
  5 floating eyes (D)
  An ogre (D)
  A necrophage (D)
  A jelly (D)
  Ijyb (D)
  A ballistomycete spore (D)
27 creatures vanquished.

Vanquished Creatures (collateral kills)
  2 demonic crawlers (D)
  An unseen horror (D)
  2 kobold demonologists (D)
  A slime creature (D)
  A redback (D)
  A floating eye (D)
  5 necrophages (D)
  4 jellies (D)
17 creatures vanquished.

Vanquished Creatures (others)
  A demonic crawler (D)
  A redback (D)
  A necrophage (D)
  3 jellies (D)
  A ballistomycete spore (D)
7 creatures vanquished.

Grand Total: 51 creatures vanquished

Notes
Turn   | Place    | Note
-------+----------+-------------------------------------------
     0 | D        | Heoruswealwe the Spriggan Artificer began the quest for the
                  | Orb.
     0 | D        | Reached XP level 1. HP: 9/9 MP: 2/2
     1 | D        | Noticed Ijyb
     7 | D        | Killed Ijyb
     8 | D        | Reached skill level 5 in Dodging
     8 | D        | Reached skill level 6 in Evocations
     8 | D        | Reached XP level 2. HP: 3/14 MP: 3/3
    57 | D        | Noticed an ogre
    62 | D        | Killed an ogre
    63 | D        | Reached skill level 9 in Evocations
    63 | D        | Reached XP level 3. HP: 17/17 MP: 4/4
    63 | D        | Reached XP level 4. HP: 21/21 MP: 5/5
    75 | D        | Noticed Sigmund
    77 | D        | Killed Sigmund
    78 | D        | Reached skill level 12 in Evocations
    78 | D        | Reached XP level 5. HP: 25/25 MP: 6/6
    78 | D        | Reached XP level 6. HP: 29/29 MP: 7/7
    91 | D        | Found an ornate altar of the Wu Jian Council.
    91 | D        | Found a shimmering blue altar of Sif Muna.
    95 | D        | Reached skill level 10 in Stealth
    95 | D        | Found a radiant altar of Vehumet.
   123 | D        | Found Vosocumy's Weapon Emporium.
   123 | D        | Found an ancient bone altar of Kikubaaqudgha.
   123 | D        | Found a hazy altar of Hepliaklqana.
   123 | D        | Found a stormy altar of Qazlal.
   123 | D        | Found a hide-covered altar of Uskayaw.
   123 | D        | Found a blossoming altar of Fedhas.
   123 | D        | Found a bloodstained altar of Trog.
   123 | D        | Found an iron altar of Okawaru.
   123 | D        | Found a basalt altar of Yredelemnul.
   123 | D        | Found a glowing golden altar of the Shining One.
   123 | D        | Found a snail-covered altar of Cheibriados.
   123 | D        | Found a sacrificial altar of Ru.
   123 | D        | Found a glowing silver altar of Zin.
   123 | D        | Found a shadowy altar of Dithmenos.
   123 | D        | Found a white marble altar of Elyvilon.
   123 | D        | Noticed a yak
   138 | D        | Killed a yak
   139 | D        | Reached skill level 10 in Dodging
   139 | D        | Reached skill level 13 in Evocations
   150 | D        | Found an opulent altar of Gozag.
   151 | D        | Found a sparkling altar of Nemelex Xobeh.
   157 | D        | Became a worshipper of Zin the Law-Giver
   157 | D        | Reached * piety under Zin
   157 | D        | Reached ** piety under Zin
   157 | D        | Reached *** piety under Zin
   157 | D        | Reached **** piety under Zin
   157 | D        | Reached ***** piety under Zin
   157 | D        | Reached ****** piety under Zin
   166 | D        | Noticed Sonja
   167 | D        | Killed Sonja
   168 | D        | Reached skill level 16 in Evocations
   168 | D        | Reached XP level 7. HP: 32/32 MP: 8/8
   186 | D        | Found Jaesmul's Armour Boutique.
   199 | D        | Noticed a shining eye
   199 | D        | Noticed a shining eye
   199 | D        | Noticed a shining eye
   199 | D        | Noticed a shining eye
   199 | D        | Noticed a shining eye
   199 | D        | Noticed a shining eye
   201 | D        | Noticed a shining eye
   201 | D        | Noticed a shining eye
   203 | D        | Paralysed by a floating eye for 2 turns
   207 | D        | Paralysed by a floating eye for 4 turns
   215 | D        | Paralysed by a floating eye for 3 turns
   219 | D        | Paralysed by a floating eye for 3 turns
   225 | D        | Paralysed by a floating eye for 2 turns
   229 | D        | Killed a shining eye
   229 | D        | Paralysed by a floating eye for 2 turns
   230 | D        | Reached skill level 17 in Evocations
   230 | D        | Reached XP level 8. HP: 37/37 MP: 9/9
   239 | D        | Paralysed by a floating eye for 3 turns
   246 | D        | Paralysed by a floating eye for 2 turns
   251 | D        | Paralysed by a floating eye for 2 turns
   258 | D        | Paralysed by a floating eye for 4 turns
   265 | D        | Paralysed by a floating eye for 4 turns
   285 | D        | Reached skill level 15 in Stealth
   285 | D        | Reached skill level 18 in Evocations
   361 | D        | Killed a shining eye
   362 | D        | Reached XP level 9. HP: 40/40 MP: 10/10
   422 | D        | Killed a shining eye
   423 | D        | Reached skill level 19 in Evocations
   502 | D        | Killed a shining eye
   577 | D        | Killed a shining eye
   578 | D        | Reached skill level 20 in Evocations
   680 | D        | Killed a shining eye
   681 | D        | Reached skill level 15 in Dodging
   735 | D        | Killed a shining eye
   736 | D        | Reached skill level 21 in Evocations
   736 | D        | Reached XP level 10. HP: 44/44 MP: 11/11
   829 | D        | Killed a shining eye
   849 | D        | Fell from the grace of Zin
   849 | D        | Became a worshipper of Sif Muna the Loreminder
  1005 | D        | Found Ugiclic's Book Shop.
  1005 | D        | Found Noseuqas's General Store.
  1005 | D        | Found Ogaur's Distillery.
  1006 | D        | Found Atuj's Antique Weapon Shoppe.
  1012 | D        | Bought a scroll of identify for 26 gold pieces
  1012 | D        | Bought a scroll of identify for 26 gold pieces
  1012 | D        | Bought a scroll of identify for 26 gold pieces
  1039 | D        | Noticed a deep troll
  1041 | D        | Killed a deep troll
  1052 | D        | Found Goyhoeto's Armour Emporium.
  1082 | D        | Noticed a centaur warrior
  1082 | D        | Noticed a centaur warrior
  1089 | D        | Killed a centaur warrior
  1089 | D        | Killed a centaur warrior
  1089 | D        | Reached * piety under Sif Muna
  1090 | D        | Reached skill level 22 in Evocations
  1119 | D        | Noticed an oklob plant
  1123 | D        | Killed an oklob plant
  1124 | D        | Reached skill level 23 in Evocations
  1148 | D        | Reached ** piety under Sif Muna
  1160 | D        | Paralysed by a floating eye for 4 turns
  1168 | D        | Paralysed by a floating eye for 4 turns
  1175 | D        | Paralysed by a floating eye for 3 turns
  1217 | D        | Reached *** piety under Sif Muna
  1248 | D        | Reached **** piety under Sif Muna
  1302 | D        | Reached ***** piety under Sif Muna
  1303 | D        | Reached XP level 11. HP: 48/48 MP: 12/12
  1315 | D        | Found Toshroj's Antique Armour Boutique.
  1315 | D        | Found Dauwny's Magic Scroll Emporium.
  1315 | D        | Found Istao's Assorted Antiques.
  1317 | D        | Found Siyliob Ulap's Book Boutique.
  1317 | D        | Found Laan's Armour Shoppe.
  1317 | D        | Found Innie's Magic Scroll Shop.
  1317 | D        | Found Pyavaovi's Antique Armour Emporium.
  1317 | D        | Found Uwitiyf's Jewellery Boutique.
  1317 | D        | Found Nucsug Leum's Antique Armour Shoppe.
  1317 | D        | Found Ocsaw's Distillery.
  1319 | D        | Bought a scroll of identify for 22 gold pieces
  1319 | D        | Bought a scroll of identify for 22 gold pieces
  1319 | D        | Bought a scroll of identify for 22 gold pieces
  1321 | D        | Found Wamoekhli's Magic Scroll Emporium.
  1323 | D        | Bought a lumpy purple potion for 26 gold pieces
  1323 | D        | Bought a scroll labelled WALECE CUTEMI KOPP for 29 gold
                  | pieces
  1323 | D        | Bought a scroll labelled UNOFRE YKIHESU for 29 gold pieces
  1324 | D        | Found Egusoing's Magic Scroll Boutique.
  1324 | D        | Found Veenih's Assorted Antiques.
  1325 | D        | Found Loesm's Assorted Antiques.
  1326 | D        | Bought a scroll of identify for 28 gold pieces
  1326 | D        | Bought a scroll of identify for 28 gold pieces
  1326 | D        | Bought a scroll of identify for 28 gold pieces
  1333 | D        | Bought a scroll labelled UJEOVV LOTAT for 28 gold pieces
  1334 | D        | Bought a box of beasts for 880 gold pieces
  1334 | D        | Bought a scroll labelled VIPOIQ KERIR for 22 gold pieces
  1364 | D        | Bought a scroll of magic mapping for 82 gold pieces
  1419 | D        | Found a burning altar of Makhleb.
  1419 | D        | Found a viscous altar of Jiyva.
  1419 | D        | Found a shimmering altar of Xom.
  1419 | D        | Found a corrupted altar of Lugonu.
  1422 | D        | Received a gift from Sif Muna
  1423 | D        | Got Sif Muna's Excursus on Gaseous Accomplices {god gift}
  1449 | D        | Reached skill level 24 in Evocations
  1712 | D        | Mangled by a demonic crawler

Illustrated notes

Levels and vault maps discovered:
D:        dungeon_sprint_1 [red_sonja_temple_1, red_sonja_temple_small_1]

Skill      XL: |  1  2  3  4  5  6  7  8  9 10 11 |
---------------+----------------------------------+-----
Dodging        | 5 6 8 11 12 13 15 17 18 | 18.0
Stealth        | 4 7 9 13 14 15 17 20 | 20.8
Evocations     | 6 9 12 16 17 18 21 23 24 | 24.4
Fighting       | |  0.7

Action                     |  1- 3 |  4- 6 |  7- 9 | 10-12 || total
---------------------------+-------+-------+-------+-------++-------
  Melee: Dagger            |       |       |   476 |   114 ||   590
         Punch             |       |       |     9 |     4 ||    13
         Scimitar          |       |       |       |    11 ||    11
  Evoke: Wand              |     7 |    10 |       |    29 ||    46
         Box of beasts     |       |       |       |     3 ||     3
    Use: Scroll            |       |       |       |    10 ||    10
   Stab: Sleeping          |       |       |     2 |     1 ||     3
         Distracted        |       |       |       |     1 ||     1
  Dodge: Dodged            |       |       |       |    53 ||    53
